Map: Cyber Forest LE

Players

mars - Winner!

  • Race: Zerg Zerg
  • League: Platinum
  • Spawn Location: 5:00

Woah

  • Race: Terran Terran
  • Spawn Location: 11:00

VOD

Have the link to the VOD?

Description

Time

  • Played on: June 10, 2019, 11:31 a.m.
  • Length: 9:51
Show
View Real Time Build Order
Export as new Build Order

mars Zerg - Winner!

Build Orders: Hatch First 

Get SALT Encoding   

  12  0:01  Drone  
  13  0:11  Drone  
  14  0:27  Overlord  
  14  0:30  Extractor  
  14  0:31  Extractor, Drone x2  
  16  0:48  Drone  
  17  0:55  Hatchery  
  16  0:58  Drone  
  16  1:02  Extractor  
  16  1:05  Drone  
  17  1:15  Drone  
  18  1:22  Spawning Pool  
  17  1:26  Drone  
  17  1:32  Drone  
  19  1:38  Extractor  
  18  1:42  Drone  
  19  1:53  Drone  
  20  2:04  Overlord  
  20  2:09  Queen  
  20  2:10  Queen  
  20  2:13  Zergling x2  
  25  2:21  Zergling x4  
  26  2:43  Roach Warren  
  24  2:47  Zergling x2  
  24  2:50  Zergling x2  
  26  3:05  Zergling x4  
  26  3:06  Zergling x2  
  28  3:18  Drone x3  
  31  3:23  Roach  
  26  3:56  Roach x2  
  26  3:58  Roach  
  26  4:02  Overlord x3  
  28  4:17  Roach  
  30  4:35  Ravager x2  
  30  4:36  Ravager  
  33  4:44  Drone  
  33  4:45  Drone  
  35  5:23  Hatchery  
  35  5:26  Roach x2  
  38  5:29  Queen  
  40  5:48  Zergling x6  
  41  6:06  Zergling x2  
  42  6:16  Drone  
  43  6:22  Drone  
  43  6:23  Queen  
  39  6:49  Zergling x8  
  39  6:50  Zergling x4  
  41  7:02  Ravager  
  41  7:04  Zergling x4  
  41  7:05  Queen  
  46  7:15  Roach x2  
  47  7:48  Zergling x12  
  47  7:49  Zergling x10  
  48  8:01  Roach x2  
  48  8:03  Overlord  
  51  8:20  Drone  
  51  8:26  Drone  
  51  8:27  Drone x2  
  55  8:30  Hatchery  
  53  8:49  Zergling x8  
  53  8:50  Zergling x2  
  56  9:00  Zergling x8  
  57  9:05  Roach x2  
  57  9:06  Overlord  
  56  9:18  Zergling x4  
Show
View Real Time Build Order
Export as new Build Order

Woah Terran 

Build Orders:  

Get SALT Encoding   

  12  0:02  SCV  
  13  0:26  Supply Depot  
  13  0:28  SCV  
  14  0:50  Barracks  
  14  0:52  Barracks  
  14  1:08  Barracks  
  14  1:12  SCV  
  16  1:37  Marine  
  16  1:38  Orbital Command  
  16  1:40  Marine  
  17  1:58  Bunker  
  17  2:10  Bunker  
  17  2:13  Marine x2  
  19  2:44  Bunker, Marine  
  19  2:45  Marine x2  
  21  3:02  Marine x2  
  19  4:01  SCV  
  18  4:06  Command Center  
  18  4:13  SCV  
  19  4:23  Refinery  
  18  4:24  Refinery  
  18  4:25  SCV  
  18  4:28  Command Center  
  18  4:29  Barracks  
  18  4:31  Supply Depot  
  19  4:53  Marine  
  19  4:54  Marine x2  
  19  4:58  SCV  
  23  5:10  SCV  
  23  5:11  Marine  
  23  5:13  Barracks Tech Lab  
  24  5:22  SCV  
  24  5:23  Barracks Reactor  
  25  5:34  SCV  
  25  5:35  Bunker  
  26  5:42  Marine x3  
  28  6:00  Marine  
  24  6:13  Marine  
  18  6:47  Marine x2  
  16  7:10  SCV  
  17  7:19  Marine x2  
  17  7:21  Marine  
  20  7:26  Marine  
  14  7:54  Barracks Reactor  
  14  8:06  Marine  
  16  8:14  SCV  
  16  8:18  SCV  
  18  8:26  Marine  
  18  8:27  Marine  
  18  8:29  Marine  
  18  8:33  SCV  
  17  9:05  Marine x2  
  17  9:06  Marine  
  17  9:07  Marine x3  
  9  9:23  Marine x2  
Tags
 
League
Platinum
Matchup
TvZ
Replay Pack
r1
Spawn Locations
Cross Positions
Add a new tag
Caveats
  • Supply blocks, unpowered buildings, or Contaminate may cause inaccurate times.
  • Supply counts are checked every 10 seconds.